Map: 얼어붙은 사원

Players

ZoDiAc

  • Race: Protoss Protoss
  • League: Master

positive - Winner!

  • Race: Zerg Zerg

VOD

Have the link to the VOD?

Description

Time

  • Played on: July 12, 2016, 7:58 a.m.
  • Length: 14:05
Show
View Real Time Build Order
Export as new Build Order

ZoDiAc Protoss 

Build Orders: 1 Gate Expand, Oracle Opening, Phoenix Opening 

Get SALT Encoding   

  12  0:00  Probe (Chrono Boost)  
  13  0:11  Probe (Chrono Boost)  
  14  0:18  Pylon  
  14  0:22  Probe (Chrono Boost)  
  15  0:37  Probe (Chrono Boost)  
  15  0:38  Gateway  
  16  0:44  Assimilator  
  16  0:47  Probe (Chrono Boost)  
  17  0:58  Probe (Chrono Boost)  
  18  1:08  Probe (Chrono Boost)  
  19  1:21  Nexus  
  19  1:32  Cybernetics Core  
  19  1:36  Probe (Chrono Boost)  
  20  1:43  Assimilator  
  21  1:47  Probe (Chrono Boost)  
  21  1:51  Pylon  
  21  1:57  Probe (Chrono Boost)  
  22  2:08  Probe (Chrono Boost)  
  23  2:09  Adept (Chrono Boost)  
  23  2:10  Warp Gate  
  25  2:19  Probe  
  26  2:31  Probe (Chrono Boost)  
  26  2:33  Stargate, Probe (Chrono Boost)  
  26  2:36  Adept (Chrono Boost)  
  29  2:45  Probe x2 (Chrono Boost)  
  31  2:55  Probe x2 (Chrono Boost)  
  33  3:06  Probe x2 (Chrono Boost)  
  35  3:15  Probe (Chrono Boost)  
  35  3:16  Probe (Chrono Boost), Oracle (Chrono Boost)  
  38  3:20  Gateway  
  38  3:21  Gateway  
  38  3:24  Mothership Core  
  40  3:31  Probe  
  41  3:35  Pylon  
  41  3:43  Probe  
  41  3:44  Probe  
  41  3:46  Assimilator  
  43  3:50  Phoenix (Chrono Boost)  
  43  3:54  Probe  
  43  3:55  Probe  
  47  4:07  Probe  
  47  4:08  Nexus  
  47  4:09  Pylon  
  48  4:18  Probe, Phoenix (Chrono Boost)  
  48  4:20  Probe  
  52  4:29  Probe  
  53  4:32  Probe  
  53  4:34  Sentry x2  
  58  4:38  Assimilator  
  58  4:45  Stalker  
  51  5:02  Adept x2  
  51  5:03  Probe  
  51  5:04  Probe  
  57  5:16  Adept, Probe x2  
  57  5:20  Probe  
  61  5:27  Probe, Pylon  
  62  5:28  Probe  
  62  5:31  Probe  
  62  5:33  Twilight Council  
  65  5:38  Probe, Forge  
  65  5:40  Probe  
  65  5:41  Probe  
  67  5:45  Sentry x2  
  67  5:47  Sentry  
  67  5:48  Probe  
  74  5:52  Probe x2  
  77  5:59  Probe  
  77  6:02  Probe  
  77  6:03  Blink  
  78  6:04  Probe  
  78  6:09  Probe  
  78  6:13  Probe  
  78  6:17  Probe  
  80  6:20  Probe  
  80  6:24  Probe  
  80  6:25  Sentry  
  84  6:26  Assimilator  
  84  6:27  Assimilator  
  84  6:28  Protoss Ground Weapons Level 1 (Chrono Boost)  
  84  6:29  Probe, Pylon  
  85  6:34  Robotics Facility  
  85  6:45  Probe  
  85  6:47  Probe x2  
  85  6:48  Pylon  
  88  6:54  Gateway  
  88  6:56  Probe, Gateway  
  88  6:58  Gateway, Sentry x2  
  93  7:06  Probe x3, Pylon  
  89  7:09  Pylon  
  89  7:14  Pylon  
  89  7:15  Pylon  
  86  7:16  Pylon  
  86  7:19  Probe  
  86  7:23  Probe  
  86  7:25  Probe  
  88  7:35  Pylon  
  88  7:38  Observer  
  88  7:42  Probe, Gateway  
  88  7:43  Probe x2  
  86  7:44  Sentry x2  
  86  7:51  Pylon  
  89  7:52  Probe  
  89  7:55  Probe  
  89  7:56  Probe  
  92  8:02  Photon Cannon  
  92  8:03  Probe  
  93  8:07  Probe  
  93  8:08  Photon Cannon, Probe, Pylon  
  93  8:09  Protoss Ground Weapons Level 2 (Chrono Boost)  
  93  8:11  Photon Cannon  
  93  8:12  Adept  
  97  8:13  Probe  
  97  8:14  Sentry x4  
  97  8:18  Stalker  
  108  8:27  Pylon  
  108  8:33  Photon Cannon  
  106  8:35  Adept  
  106  8:41  Warp Prism (Chrono Boost), Gateway  
  110  8:44  Gateway  
  110  8:46  Stalker x4  
  118  8:56  Probe  
  118  8:59  Pylon x2  
  118  9:02  Stalker x3  
  125  9:06  Pylon  
  125  9:08  Pylon  
  122  9:17  Stalker x4  
  112  9:35  Stalker x3  
  104  9:59  Gateway  
  104  10:06  Templar Archives  
  104  10:07  Sentry  
  104  10:08  Nexus, Sentry x5  
  104  10:09  Pylon, Sentry x2  
  104  10:11  Stalker  
  104  10:14  Protoss Ground Weapons Level 3  
  122  10:18  Pylon  
  122  10:19  Charge, Pylon  
  122  10:23  Observer (Chrono Boost)  
  123  10:29  Pylon  
  123  10:37  Zealot x3  
  123  10:38  Zealot x4  
  126  10:55  Robotics Facility  
  118  10:57  Robotics Facility  
  118  11:01  Immortal (Chrono Boost)  
  118  11:03  Nexus  
  121  11:05  Zealot x3  
  121  11:09  High Templar x2  
  121  11:10  High Templar x2  
  135  11:13  Archon  
  135  11:14  Archon  
  135  11:20  Pylon  
  135  11:21  Assimilator  
  135  11:24  Assimilator  
  135  11:29  Zealot x4  
  135  11:30  Zealot  
  145  11:45  Immortal x3 (Chrono Boost)  
  157  11:47  Oracle  
  160  11:58  Zealot  
  160  11:59  Zealot x4  
  164  12:28  Probe x2  
  159  12:30  Zealot x4  
  159  12:31  Zealot x3  
  173  12:42  Nexus  
  173  12:43  Psionic Storm  
  173  12:45  Pylon  
  167  13:01  Pylon  
  147  13:18  Zealot x4  
  147  13:19  Zealot x2  
  141  13:33  High Templar x2  
  97  13:54  Zealot x2  
  97  13:55  Zealot x2  
Show
View Real Time Build Order
Export as new Build Order

positive Zerg - Winner!

Build Orders: Hatch First, Lurkers 

Get SALT Encoding   

  13  0:07  Drone  
  13  0:08  Drone  
  14  0:18  Overlord  
  14  0:37  Drone x2  
  14  0:39  Drone  
  17  0:55  Hatchery  
  17  0:56  Drone  
  17  0:59  Extractor  
  17  1:02  Drone  
  17  1:16  Spawning Pool  
  16  1:18  Drone  
  16  1:22  Drone  
  18  1:33  Drone  
  19  1:43  Overlord  
  19  2:02  Metabolic Boost  
  19  2:03  Queen  
  19  2:06  Queen  
  19  2:07  Zergling x2  
  19  2:08  Drone  
  25  2:12  Drone  
  26  2:16  Drone  
  26  2:19  Drone  
  28  2:29  Drone  
  29  2:31  Drone  
  30  2:38  Drone, Pneumatized Carapace  
  30  2:40  Drone  
  32  2:48  Zergling x2  
  32  2:50  Zergling x2  
  33  3:03  Hatchery  
  32  3:06  Drone  
  32  3:18  Drone  
  32  3:19  Drone x2  
  35  3:24  Baneling Nest, Evolution Chamber  
  33  3:27  Overlord  
  33  3:29  Drone  
  33  3:33  Drone  
  35  3:46  Zergling x2  
  35  3:47  Zergling x10  
  41  3:52  Spore Crawler  
  41  3:53  Spore Crawler  
  39  4:07  Baneling  
  39  4:08  Baneling x3  
  39  4:13  Drone x4  
  39  4:15  Overlord  
  39  4:16  Drone x2  
  44  4:23  Overlord  
  44  4:25  Drone  
  44  4:30  Drone  
  46  4:38  Drone x2  
  47  4:48  Drone x2  
  43  5:00  Drone x2, Overlord  
  43  5:01  Drone  
  43  5:02  Zerg Melee Weapons Level 1  
  43  5:04  Lair  
  43  5:05  Zergling x4  
  43  5:06  Zergling x10  
  52  5:08  Spore Crawler  
  51  5:17  Overlord  
  51  5:18  Extractor  
  51  5:19  Queen  
  52  5:22  Drone x3  
  52  5:28  Drone x2  
  57  5:34  Drone  
  58  5:37  Queen  
  60  5:43  Baneling x3  
  60  5:48  Baneling  
  60  5:51  Zergling x12  
  60  5:55  Extractor, Overlord x3  
  65  6:01  Queen  
  65  6:10  Drone x2  
  65  6:16  Overseer, Queen  
  65  6:17  Drone x2  
  65  6:18  Drone, Extractor  
  67  6:19  Drone x4  
  67  6:20  Drone x3  
  75  6:28  Zergling x4  
  76  6:41  Baneling x7  
  76  6:42  Baneling  
  76  6:45  Zergling x10  
  76  6:46  Zergling x4  
  82  6:49  Overlord x2  
  82  7:06  Queen x2  
  82  7:07  Hatchery  
  81  7:15  Drone x5  
  84  7:16  Drone  
  84  7:18  Drone  
  84  7:19  Drone  
  86  7:23  Baneling x4  
  86  7:24  Drone  
  86  7:25  Drone  
  86  7:28  Drone  
  86  7:33  Zergling x4  
  86  7:34  Zergling x14  
  95  7:43  Zergling x4  
  94  7:45  Zergling x2  
  93  7:53  Hydralisk Den  
  93  7:55  Drone x2  
  94  7:59  Extractor  
  94  8:00  Extractor  
  94  8:02  Zergling x4  
  94  8:03  Zergling x6  
  94  8:04  Zerg Melee Weapons Level 2  
  98  8:06  Overlord x4  
  98  8:07  Evolution Chamber  
  96  8:33  Baneling x4  
  94  8:35  Lurker Den, Hydralisk  
  94  8:36  Hydralisk x7  
  94  8:39  Queen  
  112  8:43  Drone x2  
  112  8:45  Drone x6  
  112  8:46  Overlord x4  
  120  8:50  Queen  
  122  8:56  Extractor  
  122  8:57  Spore Crawler  
  122  9:01  Hydralisk x4  
  122  9:02  Spine Crawler  
  127  9:11  Hydralisk  
  127  9:12  Hydralisk x2  
  129  9:20  Zergling x8  
  129  9:22  Zergling x2  
  129  9:23  Zergling x2  
  121  9:26  Zergling x8  
  121  9:30  Zergling x4  
  121  9:31  Zergling x4  
  120  9:34  Zergling x4, Queen  
  118  9:40  Zergling x4  
  118  9:41  Zergling x4  
  118  9:42  Zergling x2  
  117  9:51  Hydralisk x2  
  119  9:56  Hydralisk x2  
  119  9:59  Infestation Pit, Overseer, Queen  
  124  10:04  Spine Crawler  
  124  10:05  Hydralisk  
  124  10:06  Spine Crawler x2, Hydralisk x5  
  133  10:08  Spine Crawler, Lurker  
  133  10:09  Lurker  
  134  10:14  Drone  
  134  10:15  Drone x3  
  134  10:17  Drone  
  134  10:21  Drone  
  140  10:26  Baneling  
  140  10:27  Baneling x12  
  140  10:28  Drone x2  
  140  10:29  Drone x2  
  140  10:31  Hydralisk, Extractor  
  140  10:32  Extractor  
  142  10:46  Zergling x18  
  140  10:54  Zergling x8  
  138  10:57  Lurker  
  138  10:58  Lurker x3  
  142  11:09  Zergling x2  
  142  11:10  Zergling x16  
  151  11:18  Zergling x2  
  151  11:19  Zergling x4  
  154  11:25  Hatchery  
  154  11:26  Zergling x2  
  154  11:27  Zergling x6  
  157  11:37  Hydralisk x2  
  157  11:38  Hydralisk  
  156  11:40  Hydralisk  
  156  11:41  Hydralisk  
  156  11:46  Overlord x4  
  160  11:48  Hive  
  160  11:49  Zerg Missile Weapons Level 1  
  160  11:51  Zerg Ground Armor Level 1  
  160  12:05  Hydralisk  
  160  12:06  Hydralisk x6  
  174  12:11  Hydralisk x3  
  174  12:13  Queen  
  174  12:14  Hydralisk  
  182  12:20  Drone x5  
  182  12:22  Centrifical Hooks  
  186  12:31  Baneling x9  
  186  12:32  Baneling x3  
  186  12:38  Spine Crawler  
  182  12:44  Queen  
  180  13:03  Hydralisk  
  180  13:04  Hydralisk x7  
  195  13:11  Zergling x2  
  195  13:12  Zergling x18  
  193  13:15  Zergling x4  
  165  13:21  Zergling x4  
  165  13:25  Zergling x20  
  162  13:32  Zergling x2  
  145  13:37  Zergling x4  
  137  13:42  Zergling x2  
  137  13:43  Zergling x2  
  128  14:03  Spire  
  128  14:04  Spire  
Tags
 
Add a new tag
Caveats
  • Supply blocks, unpowered buildings, or Contaminate may cause inaccurate times.
  • Supply counts are checked every 10 seconds.